 Dungeon Crawl Stone Soup version 0.25-a0-58-g9dd530fc12 (webtiles) character file.

Game seed: 5457540415889759375, levelgen mode: deterministic

130 Joeren the Magician (level 5, -2/37 HPs)
             Began as a Gnoll Wizard on Oct 25, 2019.
             Killed by nerve-wracking pain
             ... invoked by Grinder
              (8 damage)
             ... while paralysed by Grinder
             ... on level 3 of the Dungeon on Oct 26, 2019.
             The game lasted 00:27:22 (3616 turns).

Joeren the Magician (Gnoll Wizard)                  Turns: 3616, Time: 00:27:22

Health: -2/37      AC:  5    Str:  9 (10) XL:     5   Next: 14%
Magic:  1/14       EV:  2    Int: 19 (20) God:
Gold:   95         SH:  0    Dex: 13 (14) Spells: 7/18 levels left

rFire    . . .     SeeInvis .   a - +0 dagger
rCold    . . .     Gourm    .   (no shield)
rNeg     . . .     Faith    .   u - +0 leather armour
rPois    .         Spirit   .   j - +1 hat
rElec    .         Reflect  .   f - +0 cloak
rCorr    .         Harm     .   (no gloves)
MR       .....                  (no boots)
Stlth    ++........             (no amulet)
HPRegen  0.12/turn              (no ring)
MPRegen  0.14/turn              (no ring)

@: paralysed, very slightly contaminated
A: distributed training, fangs 1, strong nose
a: no special abilities


You were on level 3 of the Dungeon.
You were not hungry.

You visited 1 branch of the dungeon, and saw 4 of its levels.

You collected 95 gold pieces.

Inventory:

Hand Weapons
 a - a +0 dagger (weapon)
 b - a +0 hunting sling
Missiles
 h - 14 arrows
 m - 2 boomerangs
 o - 128 stones (quivered)
Armour
 c - a +0 robe
 f - a +0 cloak (worn)
 j - a +1 hat (worn)
 r - a +0 ring mail
 u - a +0 leather armour (worn)
Jewellery
 s - an uncursed ring of protection from fire {unknown}
Scrolls
 l - 2 scrolls of blinking {unknown}
 n - 2 scrolls of remove curse
 p - a scroll of amnesia {unknown}
 t - 2 scrolls of identify {unknown}
Potions
 e - a potion of degeneration
 i - a potion of curing
Comestibles
 d - 5 rations
 g - a chunk of flesh


   Skills:
 + Level 1.3 Fighting
 + Level 1.3 Short Blades
 + Level 1.3 Long Blades
 + Level 1.3 Axes
 + Level 1.3 Maces & Flails
 + Level 1.3 Polearms
 + Level 1.3 Staves
 + Level 1.3 Slings
 + Level 1.3 Bows
 + Level 1.3 Crossbows
 + Level 1.3 Throwing
 + Level 1.3 Armour
 + Level 4.7 Dodging
 + Level 4.3 Stealth
 + Level 1.3 Shields
 + Level 1.3 Unarmed Combat
 + Level 7.2 Spellcasting
 + Level 2.3 Conjurations
 + Level 1.1 Hexes
 + Level 1.1 Charms
 + Level 2.3 Summonings
 + Level 1.1 Necromancy
 + Level 2.3 Translocations
 + Level 1.1 Transmutations
 + Level 1.1 Fire Magic
 + Level 1.1 Ice Magic
 + Level 1.1 Air Magic
 + Level 1.1 Earth Magic
 + Level 1.1 Poison Magic
 + Level 1.5 Invocations
 + Level 1.3 Evocations


You had 7 spell levels left.
You knew the following spells:

 Your Spells              Type           Power        Failure   Level  Hunger
a - Magic Dart            Conj           ###.         4%          1    None
b - Call Imp              Summ           ###.....     8%          2    None
c - Blink                 Tloc           N/A          8%          2    None
d - Mephitic Cloud        Conj/Pois/Air  ##......     22%         3    #......
e - Conjure Flame         Conj/Fire      ##......     21%         3    #......

Your spell library contained the following spells:

 Spells                   Type           Power        Failure   Level  Hunger
 Slow                     Hex            ##......     13%         2    None


Dungeon Overview and Level Annotations

Branches:
Dungeon (4/15)
 Temple: D:4-7

Altars:
Ashenzari

Annotations:
D:3 1 exclusion, Grinder


Innate Abilities, Weirdness & Mutations

Your experience applies equally to all skills.
You have very sharp teeth.
Your uncanny sense of smell can sniff out nearby items.


Message History

Placed new exclusion.
Reduced exclusion size to a single square.
Casting: Conjure Flame (safe; 21% risk of failure)
Confirm with . or Enter, or press ? or * to list all spells.
Aiming: Conjure Flame (safe; 21% risk of failure)
Press: ? - help, Dir - move target cursor, p - Grinder You miscast Conjure Flame.
You are very lightly contaminated with residual magic.
Nothing appears to happen.
Grinder is engulfed in blazing flames.
a - a +0 dagger (weapon)
Grinder gestures at you.
You suddenly lose the ability to move!
Grinder hits you but does no damage. Grinder hits you!
* * * LOW HITPOINT WARNING * * *
You writhe in agony.
* * * LOW HITPOINT WARNING * * *
Grinder gestures at you. Pain shoots through your body!
You die...

.#..†...)##########
#.5.....# #.$.....#
g.....#÷)..#
......#.##.#
......#+##.###
.............# ..
..........####### #
##...(...(○5@^..#
........).#####.#
##.......# #.#
#####.......#.# #.#
.........>....#.#.#
#################.#.##
.....................#
######...÷..5####.#..#
#....'.).÷...........#


You could see Grinder.

Vanquished Creatures
  4 adders
  2 oozes (D:2)
  A worm (D:2)
  2 dart slugs (D:1)
  2 leopard geckos (D:3)
  4 giant cockroaches
  7 hobgoblins
  5 jackals (D:1)
  9 kobolds
  3 bats
  5 frilled lizards
  7 goblins
  8 rats
59 creatures vanquished.

Vanquished Creatures (collateral kills)
  A worm (D:3)
  A leopard gecko (D:1)
  3 orcs (D:3)
  3 jackals (D:1)
  3 bats
  A frilled lizard (D:1)
  A kobold (D:1)
13 creatures vanquished.

Grand Total: 72 creatures vanquished

Notes
Turn   | Place    | Note
-------+----------+-------------------------------------------
     0 | D:1      | Joeren the Gnoll Wizard began the quest for the Orb.
     0 | D:1      | Reached XP level 1. HP: 13/13 MP: 8/8
   183 | D:1      | Reached XP level 2. HP: 19/19 MP: 8/10
   593 | D:1      | Learned a level 2 spell: Call Imp
   596 | D:1      | Learned a level 2 spell: Blink
   659 | D:1      | Reached XP level 3. HP: 25/25 MP: 11/11
  1215 | D:1      | Reached skill level 1 in Invocations
  1729 | D:2      | Found a shattered altar of Ashenzari.
  1858 | D:2      | Reached skill level 1 in Fighting
  1858 | D:2      | Reached skill level 1 in Short Blades
  1858 | D:2      | Reached skill level 1 in Long Blades
  1858 | D:2      | Reached skill level 1 in Axes
  1858 | D:2      | Reached skill level 1 in Maces & Flails
  1858 | D:2      | Reached skill level 1 in Polearms
  1858 | D:2      | Reached skill level 1 in Staves
  1858 | D:2      | Reached skill level 1 in Slings
  1858 | D:2      | Reached skill level 1 in Bows
  1858 | D:2      | Reached skill level 1 in Crossbows
  1858 | D:2      | Reached skill level 1 in Throwing
  1858 | D:2      | Reached skill level 1 in Armour
  1858 | D:2      | Reached skill level 1 in Shields
  1858 | D:2      | Reached skill level 1 in Unarmed Combat
  1858 | D:2      | Reached skill level 1 in Evocations
  2008 | D:2      | Reached XP level 4. HP: 32/32 MP: 9/13
  2442 | D:2      | Reached skill level 1 in Hexes
  2442 | D:2      | Reached skill level 1 in Charms
  2442 | D:2      | Reached skill level 1 in Necromancy
  2442 | D:2      | Reached skill level 1 in Transmutations
  2442 | D:2      | Reached skill level 1 in Fire Magic
  2442 | D:2      | Reached skill level 1 in Ice Magic
  2442 | D:2      | Reached skill level 1 in Air Magic
  2442 | D:2      | Reached skill level 1 in Earth Magic
  2442 | D:2      | Reached skill level 1 in Poison Magic
  2692 | D:3      | Upgraded the game from 0.25-a0-55-g0753fd1ad2 to
                  | 0.25-a0-58-g9dd530fc12
  2821 | D:3      | Learned a level 3 spell: Mephitic Cloud
  2832 | D:3      | Learned a level 3 spell: Conjure Flame
  2913 | D:3      | Reached XP level 5. HP: 37/37 MP: 11/14
  2993 | D:3      | Noticed Grinder
  3003 | D:3      | Paralysed by Grinder for 3 turns
  3613 | D:3      | Paralysed by Grinder for 3 turns
  3616 | D:3      | Killed from afar by Grinder

Levels and vault maps discovered:
D:1:      kennysheep_arrival_forest, layout_basic
D:2:      layout_basic, nicolae_ashenzari_panopticon, bh_chokoban
D:3:      layout_basic, amethyst_overflow_temple_binary, first_ration,
          chequers_serial_rivers_room_a, hangedman_decor_growths, uniq_grinder
D:4:      minmay_angry_zag, layout_basic

Skill      XL: |  1  2  3  4 |
---------------+-------------+-----
Conjurations   | 2 |  2.3
Summonings     | 2 |  2.3
Translocations | 2 |  2.3
Invocations    | 1 |  1.5
Fighting       | 1 |  1.3
Short Blades   | 1 |  1.3
Long Blades    | 1 |  1.3
Axes           | 1 |  1.3
Maces & Flails | 1 |  1.3
Polearms       | 1 |  1.3
Staves         | 1 |  1.3
Slings         | 1 |  1.3
Bows           | 1 |  1.3
Crossbows      | 1 |  1.3
Throwing       | 1 |  1.3
Armour         | 1 |  1.3
Shields        | 1 |  1.3
Unarmed Combat | 1 |  1.3
Evocations     | 1 |  1.3
Hexes          | 1 |  1.1
Charms         | 1 |  1.1
Necromancy     | 1 |  1.1
Transmutations | 1 |  1.1
Fire Magic     | 1 |  1.1
Ice Magic      | 1 |  1.1
Air Magic      | 1 |  1.1
Earth Magic    | 1 |  1.1
Poison Magic   | 1 |  1.1
Dodging        | |  4.7
Stealth        | |  4.3
Spellcasting   | |  7.2

Action                   |  1- 3 |  4- 6 || total
-------------------------+-------+-------++-------
Melee: Unarmed           |     9 |       ||     9
       Dagger            |    87 |    33 ||   120
       Bite              |     5 |     3 ||     8
 Fire: Hunting sling     |       |     5 ||     5
 Cast: Magic Dart        |    57 |    53 ||   110
       Call Imp          |     5 |     6 ||    11
       Blink             |     3 |     8 ||    11
       Conjure Flame     |       |     4 ||     4
       Mephitic Cloud    |       |     3 ||     3
  Use: Scroll            |     1 |     1 ||     2
       Potion            |       |     3 ||     3
 Stab: Sleeping          |     1 |     2 ||     3
       Distracted        |     1 |       ||     1
  Eat: Chunk             |     3 |     5 ||     8
Armor: Robe              |    23 |       ||    23
       Leather armour    |       |    13 ||    13
Dodge: Dodged            |    86 |    53 ||   139

Table legend:
 A = Non-vault XP
 B = Vault XP
 C = Vault XP percentage of total XP
 D = Non-vault monster count
 E = Vault monster count
 F = Vault count percentage of total count
                 A         B        C        D         E       F
            +---------+---------+-------+---------+---------+-------
      Total |     187 |       0 |   0.0 |      72 |       0 |   0.0
            +---------+---------+-------+---------+---------+-------
        D:1 |      65 |       0 |   0.0 |      38 |       0 |   0.0
        D:2 |      79 |       0 |   0.0 |      19 |       0 |   0.0
        D:3 |      43 |       0 |   0.0 |      15 |       0 |   0.0
            +---------+---------+-------+---------+---------+-------
